 Dungeon Crawl Stone Soup version 0.29.1-4-g47bece8355 (webtiles) character file.

Game seed: 11080266732495981019

4 ChadusMaximus the Caller (level 1, 0/13 HPs)
             Began as a Human Summoner on Dec 8, 2022.
             Slain by a quokka (2 damage)
             ... on level 1 of the Dungeon.
             The game lasted 00:00:41 (670 turns).

ChadusMaximus the Caller (Human Summoner)            Turns: 670, Time: 00:00:41

Health: 0/13       AC:  2    Str:  8    XL:     1   Next: 66%
Magic:  1/3        EV: 12    Int: 15    God:
Gold:   5          SH:  0    Dex: 13    Spells: 3/4 levels left

rFire   . . .      SeeInvis .   (no weapon)
rCold   . . .      Faith    .   (no shield)
rNeg    . . .      Spirit   .   a - +0 robe
rPois   .          Reflect  .   (no helmet)
rElec   .          Harm     .   (no cloak)
rCorr   .          Rampage  .   (no gloves)
Will    .....                   (no boots)
Stlth   ++........              (no amulet)
HPRegen 0.04/turn               (no ring)
MPRegen 0.08/turn               (no ring)

@: no status effects
A: no striking features
a: no special abilities


You were on level 1 of the Dungeon.
You visited 1 branch of the dungeon, and saw 1 of its levels.

You collected 5 gold pieces.

Inventory:

Armour
 a - a +0 robe (worn)
Scrolls
 c - a scroll of butterflies {unknown}
 e - a scroll of vulnerability {unknown}
 h - a scroll of poison {unknown}
Potions
 b - a potion of magic
 d - a potion of ambrosia {unknown}
 f - a potion of haste {unknown}
 g - a potion of attraction {unknown}


   Skills:
 + Level 2.1 Dodging
 + Level 2.1 Stealth
 + Level 2.0 Spellcasting
 + Level 4.0 Summonings


You had 3 spell levels left.
You knew the following spells:

 Your Spells              Type           Power      Damage    Failure   Level
a - Summon Small Mammal   Summ           52%        N/A       4%          1

Your spell library contained the following spells:

 Spells                   Type           Power      Damage    Failure   Level
 Call Imp                 Summ           13%        N/A       6%          2
 Call Canine Familiar     Summ           13%        N/A       13%         3
 Summon Guardian Golem    Hex/Summ       7%         N/A       28%         3
 Summon Lightning Spire   Summ/Air       7%         N/A       67%         4


Dungeon Overview and Level Annotations

Branches:
Dungeon (1/15)

Altars:

Shops:
D:1 =


Message History

Confirm with . or Enter, or press ? or * to list all spells.
Your rat bites the quokka.
What are your orders? t - Shout!
Orders for allies: a - Attack new target. r - Retreat! s - Stop attacking. g - Guard the area. f - Follow me.
Anything else - Cancel.
Gang up on whom?
Press: ? - help, Dir - move target, f - quokka
Aim: a quokka (heavily wounded, ally target) Attack!
Your rat bites the quokka but does no damage.
You swap places.
Your bat hits the quokka but does no damage.
The quokka bites your bat.
Your rat closely misses the quokka.
Your bat completely misses the quokka.
Your bat barely misses the quokka.
The quokka bites your bat.
Your bat dies!
Your bat's corpse disappears in a puff of smoke!
Your rat barely misses the quokka.
Casting: Summon Small Mammal (safe; 4% risk of failure)
Confirm with . or Enter, or press ? or * to list all spells.
You swap places.
Your bat barely misses the quokka.
The quokka barely misses you.
Your bat hits the quokka but does no damage.
Your bat hits the quokka but does no damage.
Your bat barely misses the quokka.
Your bat misses the quokka. Your bat hits the quokka.
Your bat misses the quokka. The quokka closely misses you.
Your bat hits the quokka but does no damage.
Your bat misses the quokka. x2
The quokka attacks as you move away!
The quokka bites you but does no damage.
Your bat completely misses the quokka.
The quokka attacks as you move away! The quokka bites you.
* * * LOW HITPOINT WARNING * * *
The quokka bites you.
You die...

###.#######.# # #.........# ##
#...####..# _#
##...#.>...############ .#
#.......#b............#
.###.#..##.#..###..#####.#
.....#........###..#####.########
.#########.#b##.r.....##.##......
.# ######.#....@..##.##.##.#####
.# #..............##.##.##.# # ##
##.####.#.............##.# ##.
#...#####.......##.#####.###.#
#...#.........#.##.......##.#.
#...#.###.......############.#
#...#.#####..#### ##.
####.........(....# #.
............##..#.##### #†


You could see a quokka (ally target) and a friendly bat (summoned).

Vanquished Creatures
  A bat (D:1)
1 creature vanquished.

Vanquished Creatures (collateral kills)
  A hobgoblin (D:1)
  A frilled lizard (D:1)
  A rat (D:1)
3 creatures vanquished.

Grand Total: 4 creatures vanquished

Notes
Turn   | Place    | Note
-------+----------+-------------------------------------------
     0 | D:1      | ChadusMaximus the Human Summoner began the quest for the
                  | Orb.
     0 | D:1      | Reached XP level 1. HP: 13/13 MP: 3/3
   371 | D:1      | Found a faded altar of an unknown god.
   616 | D:1      | Found Nemax's Jewellery Emporium.
   670 | D:1      | Slain by a quokka

Illustrated notes

Levels and vault maps discovered:
D:1:      lemuel_arrival_broad_hall, layout_loops_cross, serial_shops,
          nicolae_shop_advertising_works [nicolae_subvault_shop_adworks],
          basic_ecumenical_altar, serial_glass, glass_columns_b, glass_columns_a

Action                   || total
-------------------------++-------
Melee: Unarmed           ||    21
 Cast: Summon Small Mamm ||    13
 Stab: Sleeping          ||     1
Armor: Robe              ||    19
Dodge: Dodged            ||    52
